 Dungeon Crawl Stone Soup version 0.28.0-53-g5a82cb258f (webtiles) character file.

Game seed: 12141355529760475513

730 safid the Chopper (level 7, -3/66 HPs)
             Began as a Hill Orc Fighter on July 29, 2022.
             Was an Initiate of Ashenzari.
             Slain by a phantom (8 damage)
             ... on level 5 of the Dungeon.
             The game lasted 00:05:34 (4791 turns).

safid the Chopper (Hill Orc Fighter)                Turns: 4791, Time: 00:05:35

Health: -3/66      AC:  9    Str: 21    XL:     7   Next: 73%
Magic:  7/7        EV:  9    Int:  8    God:    Ashenzari [......]
Gold:   209        SH:  4    Dex: 10    Spells: 6/6 levels left

rFire   . . .      SeeInvis .   a - +0 war axe
rCold   . . .      Faith    .   c - +0 buckler
rNeg    + + .      Spirit   .   b - +0 scale mail
rPois   .          Reflect  .   r - +0 helmet
rElec   .          Harm     .   (no cloak)
rCorr   .          Rampage  .   n - +0 pair of gloves "Shackled With Me" {Range, Melee} (curse)
Will    .....                   (no boots)
Stlth   ..........              (no amulet)
HPRegen 0.21/turn               l - ring of positive energy
MPRegen 0.10/turn               o - ring of positive energy

@: mighty
A: no striking features
a: Renounce Religion, Shatter the Chains


You were on level 5 of the Dungeon.
You worshipped Ashenzari.
Ashenzari was noncommittal.
You visited 1 branch of the dungeon, and saw 5 of its levels.

You collected 209 gold pieces.

Inventory:

Hand Weapons
 a - a +0 war axe (weapon)
Missiles
 h - 10 poisoned darts (quivered)
Armour
 b - a +0 scale mail (worn)
 c - a +0 buckler (worn)
 n - the cursed +0 pair of gloves "Shackled With Me" (worn) {Range, Melee}
   (You found it on level 3 of the Dungeon)

   It has a curse which improves the following skills: Ranged Combat: Slings,
   Bows, Crossbows and Throwing.
   Melee Combat: Short Blades, Long Blades, Axes, Maces & Flails, Polearms,
   Staves and Unarmed Combat.
 r - a +0 helmet (worn)
Jewellery
 l - a ring of positive energy (left hand)
 o - a ring of positive energy (right hand)
Scrolls
 e - 2 scrolls of identify {unknown}
 f - 4 scrolls of silence {unknown}
 g - 3 scrolls of teleportation {unknown}
 i - a scroll of blinking {unknown}
 j - a scroll of enchant weapon {unknown}
 k - 2 scrolls of fog {unknown}
 m - 2 scrolls of magic mapping {unknown}
Potions
 d - 2 potions of might
 p - a potion of haste {unknown}
 q - a potion of mutation {unknown}
 s - a potion of magic {unknown}
 t - a potion of curing {unknown}


   Skills:
 + Level 7.5 Fighting
 + Level 7.6(8.0) Axes
 - Level 4.0 Armour
 - Level 4.0 Shields


You had 6 spell levels left.
You didn't know any spells.
Your spell library contained the following spells:

 Spells                   Type           Power      Damage    Failure   Level
 Animate Skeleton         Necr           0%         N/A       83%         1
 Apportation              Tloc           0%         N/A       83%         1
 Summon Small Mammal      Summ           0%         N/A       83%         1
 Call Canine Familiar     Summ           0%         N/A       99%         3
 Gell's Gravitas          Tloc           0%         N/A       99%         3
 Portal Projectile        Hex/Tloc       0%         N/A       99%         3
 Teleport Other           Tloc           0%         N/A       99%         3
 Leda's Liquefaction      Hex/Erth       0%         N/A       100%        4
 Alistair's Intoxication  Tmut/Pois      0%         N/A       100%        5
 Dispersal                Tloc           0%         N/A       100%        6


Dungeon Overview and Level Annotations

Branches:
Dungeon (5/15)             Temple (0/1) D:4

Altars:
Ashenzari
Dithmenos
Gozag
Qazlal
Yredelemnul
The Shining One
Beogh

Annotations:
D:5 Grinder


Message History

You slash the hound!
You kill the hound!
You hit the centaur skeleton.
You feel very sick.
You block the centaur skeleton's attack.
The centaur skeleton kicks you but does no damage.
Unknown command.
You feel very sick.
You see here a hound corpse.
You slash the centaur skeleton!
The centaur skeleton is severely damaged.
You feel very sick.
The centaur skeleton barely misses you. x2
You block the centaur skeleton's attack.
The centaur skeleton barely misses you.
You slash the centaur skeleton!
You destroy the centaur skeleton!
You feel sick.
You feel sick.
Grinder comes into view.
You feel sick.
You feel sick.
Found 16 gold pieces.
You feel sick.
You feel sick. Grinder gestures at you.
You are unaffected.
You feel sick.
You are no longer poisoned.
Grinder blinks!
A phantom comes into view.
Found a shadowy altar of Dithmenos.
You slash the phantom!
The phantom is moderately damaged.
The phantom barely misses you. The phantom hits you.
* * * LOW HITPOINT WARNING * * *
Unknown command.
You slash the phantom!
The phantom is almost destroyed.
The phantom hits you!
You die...

##### #...# ##### #...
...########
##..#####..........
#..................
#..#####..........# #..#
#........... #.@#
##......$... #.W#
#.......... #...
#........#. ###'#
#........# . ### ..
#........# # >. #.#
..####.††.....# . #. #.#
_.#.(......†..# #.#.
###.#####.............
#.#.##.....................


You could see a phantom.

Vanquished Creatures
  Eustachio (D:4)
  A black bear (D:4)
  A phantom (D:4)
  2 scorpions
  A howler monkey (D:5)
  A hound (D:5)
  2 jellies
  An orc priest (D:4)
  A centaur skeleton (D:5)
  A gnoll (D:2)
  4 adders
  2 dart slugs
  3 worms
  11 orcs
  4 endoplasms
  2 giant cockroaches
  5 goblins
  3 hobgoblins
  5 jackals
  3 quokkas
  5 ball pythons
  3 bats
  A frilled lizard (D:1)
  8 kobolds
  6 rats
77 creatures vanquished.

Notes
Turn   | Place    | Note
-------+----------+-------------------------------------------
     0 | D:1      | safid the Hill Orc Fighter began the quest for the Orb.
     0 | D:1      | Reached XP level 1. HP: 19/19 MP: 1/1
   405 | D:1      | Reached XP level 2. HP: 27/27 MP: 2/2
  1028 | D:2      | Reached XP level 3. HP: 24/33 MP: 3/3
  1608 | D:2      | Reached XP level 4. HP: 37/40 MP: 4/4
  2206 | D:3      | Found a faded altar of an unknown god.
  2296 | D:3      | Prayed at the altar of an unknown god.
  2296 | D:3      | Became a worshipper of Ashenzari the Shackled
  2360 | D:3      | HP: 2/41 [poisoned by an adder]
  2783 | D:3      | Found a basalt altar of Yredelemnul.
  2792 | D:3      | Found an opulent altar of Gozag.
  3223 | D:3      | Found a stormy altar of Qazlal.
  3228 | D:3      | Found a glowing golden altar of the Shining One.
  3615 | D:4      | Reached XP level 5. HP: 46/47 MP: 5/5
  3671 | D:4      | Noticed a black bear
  3679 | D:4      | Killed a black bear
  3680 | D:4      | Reached skill level 5 in Fighting
  3680 | D:4      | Reached skill level 5 in Axes
  3730 | D:4      | Reached XP level 6. HP: 45/57 MP: 6/6
  4130 | D:4      | Noticed Eustachio
  4144 | D:4      | Killed Eustachio
  4145 | D:4      | Reached XP level 7. HP: 45/64 MP: 7/7
  4257 | D:4      | Found a staircase to the Ecumenical Temple.
  4484 | D:4      | Found a roughly hewn altar of Beogh.
  4732 | D:5      | Entered Level 5 of the Dungeon
  4774 | D:5      | Noticed Grinder
  4788 | D:5      | Found a shadowy altar of Dithmenos.
  4791 | D:5      | Slain by a phantom

Illustrated notes

Levels and vault maps discovered:
D:1:      dpeg_arrival_refuge, layout_basic, minmay_crystal_room,
          minmay_misc_feat_alley, minmay_heptomino_d4
D:2:      minmay_inner_zag, layout_loops_ring
D:3:      layout_basic, mainiacjoe_overflow_swirl,
          chequers_temple_overflow_statue_of_worship,
          chequers_ecumenical_altar_grove
D:4:      layout_cave_pools, minmay_temple_entry_stoned_glass,
          dk_noncrumbling_2, minmay_crystal_water, kennysheep_orc_chapel,
          uniq_eustachio
D:5:      layout_rooms, hangedman_ru_absence, grunt_dithmenos_shadows,
          nemelex_xobeh_ov_fountains_minmay, serial_rivers,
          chequers_serial_rivers_large_a, chequers_serial_rivers_small_3,
          chequers_serial_rivers_micro_e, chequers_serial_rivers_micro_e,
          chequers_serial_rivers_large_b, st_stairs_4, uniq_grinder, uniq_pikel

Skill      XL: |  1  2  3  4  5  6  7 |
---------------+----------------------+-----
Axes           | 3 4 5 6 7 |  7.6
Fighting       | 4 5 6 7 |  7.5
Shields        | 4 |  4.0
Armour         | 4 |  4.0

Action                   |  1- 3 |  4- 6 |  7- 9 || total
-------------------------+-------+-------+-------++-------
Melee: War axe           |    90 |   123 |    53 ||   266
Invok: Curse Item        |       |       |     1 ||     1
  Use: Potion            |       |       |     1 ||     1
Armor: Scale mail        |    32 |    57 |    29 ||   118
Dodge: Dodged            |    38 |    41 |    20 ||    99
Block: Buckler           |    23 |    22 |    12 ||    57
